 Dungeon Crawl Stone Soup version 0.28-a0-622-gbaef9634d7 (webtiles) character file.

Game seed: 770682343837920365

4488 porpoise the Thaumaturge (level 10, -2/56 HPs)
             Began as a Deep Elf Conjurer on Oct 8, 2021.
             Slain by a fire bat (8 damage)
             ... on level 8 of the Dungeon.
             The game lasted 00:56:15 (15182 turns).

porpoise the Thaumaturge (Deep Elf Conjurer)       Turns: 15182, Time: 00:56:16

Health: -2/56      AC:  4    Str:  5    XL:     10   Next: 16%
Magic:  13/25      EV: 31    Int: 26    God:
Gold:   543        SH:  0    Dex: 19    Spells: 12/27 levels left

rFire   . . .      SeeInvis .   b - +0 hunting sling
rCold   . . .      Faith    .   (no shield)
rNeg    . . .      Spirit   .   c - +0 robe
rPois   .          Reflect  .   w - +0 helmet
rElec   .          Harm     .   (no cloak)
rCorr   .          Rampage  .   e - +0 pair of gloves
Will    ++...                   (no boots)
Stlth   ++........              G - amulet of the acrobat
HPRegen 0.18/turn               s - +6 ring of dexterity
MPRegen 0.19/turn               L - ring of willpower

@: acrobatic
A: no striking features
a: no special abilities


You were on level 8 of the Dungeon.
You visited 2 branches of the dungeon, and saw 9 of its levels.
You also visited: Sewer and Ossuary.

You collected 543 gold pieces.

Inventory:

Hand Weapons
 a - a +3 spear of venom
 b - a +0 hunting sling (weapon)
Missiles
 d - 5 silver javelins
 f - 230 stones (quivered ammo)
 p - a throwing net
 t - 40 poisoned darts
 D - a boomerang
Armour
 c - a +0 robe (worn)
 e - a +0 pair of gloves (worn)
 w - a +0 helmet (worn)
 H - a +0 buckler
Magical Staves
 J - a staff of death
Jewellery
 k - an amulet of faith
 s - a +6 ring of dexterity (left hand)
 G - an amulet of the acrobat (around neck)
 L - a ring of willpower (right hand)
Wands
 M - a wand of paralysis (6)
Scrolls
 g - a scroll of acquirement {unknown}
 h - 3 scrolls of fog
 l - 4 scrolls of teleportation
 m - 3 scrolls of amnesia
 n - 2 scrolls of immolation {unknown}
 q - a scroll of torment {unknown}
 r - 2 scrolls of noise
 u - a scroll of vulnerability
 y - a scroll of magic mapping
 B - a scroll of brand weapon
 C - a scroll of enchant armour {unknown}
 E - a scroll of holy word
 I - a scroll of enchant weapon {unknown}
Potions
 i - 6 potions of flight
 o - 2 potions of resistance
 v - a potion of curing
 x - a potion of ambrosia {unknown}
 z - 3 potions of attraction
 A - 4 potions of lignification
 F - 2 potions of mutation
 K - 2 potions of might


   Skills:
 - Level 3.0 Fighting
 - Level 7.0 Dodging
 - Level 2.4 Stealth
 + Level 2.0 Shields
 - Level 9.0 Spellcasting
 + Level 7.6 Conjurations
 - Level 9.0 Hexes
 - Level 1.0 Necromancy
 - Level 5.0 Translocations
 - Level 5.0 Fire Magic


You had 12 spell levels left.
You knew the following spells:

 Your Spells              Type           Power      Damage    Failure   Level
a - Magic Dart            Conj           100%       1d8       1%          1
b - Searing Ray           Conj           100%       2d8       1%          2
c - Fulminant Prism       Conj/Hex       26%        3d14      1%          4
d - Iskenderun's Mystic   Conj/Tloc      44%        2d10      3%          4
w - Flame Wave            Conj/Fire      44%        3d9       3%          4

Your spell library contained the following spells:

 Spells                   Type           Power      Damage    Failure   Level
 Foxfire                  Conj/Fire      100%       2x1d9     1%          1
 Ensorcelled Hibernation  Hex/Ice        70%        N/A       1%          2
 Conjure Flame            Conj/Fire      44%        6-21      1%          3
 Dazzling Flash           Conj/Hex       100%       N/A       1%          3
 Inner Flame              Hex/Fire       48%        N/A       1%          3
 Tukima's Dance           Hex            55%        N/A       1%          3
 Animate Skeleton         Necr           32%        N/A       3%          1
 Pain                     Necr           64%        1d7       3%          1
 Mephitic Cloud           Conj/Pois/Air  24%        N/A       5%          3
 Call Imp                 Summ           11%        N/A       8%          2
 Vampiric Draining        Necr           8%         2d7       10%         3
 Starburst                Conj/Fire      22%        6d7       50%         6


Dungeon Overview and Level Annotations

Branches:
Dungeon (8/15)             Temple (1/1) D:6           Sewer (visited)
Ossuary (visited)
   Lair: D:8-11

Altars:
Ashenzari
Dithmenos
Elyvilon
Fedhas
Hepliaklqana
Kikubaaqudgha
Makhleb
Nemelex Xobeh
Okawaru
Qazlal
Sif Muna
Trog
Uskayaw
Wu Jian
Xom
Yredelemnul
Zin
The Shining One

Annotations:
D:3 3 runed translucent doors, Deadpool446625's ghost, weakling DrMo; Dittersdorf's ghost, amateur GrFi; bande's ghost, amateur GrFi
D:7 3 runed translucent doors, siradein's ghost, novice DsTm
D:8 Grum; Maurice


Message History

You shoot a sling bullet.
The sling bullet barely misses the megabat.
The megabat closely misses you.
The megabat hits you but does no damage.
You shoot a sling bullet. The sling bullet hits the megabat.
You kill the megabat!
A megabat comes into view.
You shoot a stone. The stone hits the fire bat.
The fire bat is lightly wounded.
You shoot a stone. The stone closely misses the fire bat.
The stone hits the megabat.
The megabat is heavily wounded.
The fire bat bites you.
You are engulfed in flames.
The fire bat closely misses you.
Casting: Searing Ray (safe; 1% risk of failure)
Confirm with . or Enter, or press ? or * to list all spells.
Aiming: Searing Ray (safe; 1% risk of failure)
Press: ? - help, Shift-Dir - straight line, f/p - fire bat
Aim: a fire bat (lightly wounded, 74% to hit)
The searing ray hits the fire bat!
The fire bat is moderately wounded.
The searing ray hits the megabat!
You kill the megabat! (Press . to maintain the ray.)
The fire bat bites you.
You are engulfed in flames.
The fire bat barely misses you.
The searing ray misses the fire bat.
The fire bat bites you.
* * * LOW HITPOINT WARNING * * *
You are engulfed in flames!
* * * LOW HITPOINT WARNING * * *
The searing ray hits the fire bat!
The fire bat is severely wounded.
The fire bat misses you.
The searing ray hits the fire bat!
The fire bat is almost dead.
You finish channelling your searing ray.
The fire bat bites you.
* * * LOW HITPOINT WARNING * * *
You are engulfed in flames!
You die...

#..##################.....
..#.......................
..........................
#.#.#..†).....##..########
# #.........#..##
#......÷..#.##
#....†......#
#.........###
#..####@##### ### #8b8#
##(## #)# #(# ((. ((( #(#


You could see a fire bat.

Vanquished Creatures
  A gargoyle (D:7)
  2 wraiths (D:8)
  4 fire bats (D:8)
  Menkaure (Ossuary)
  An ice beast (D:6)
  2 orc warriors (D:6)
  A black bear (D:7)
  3 ogres
  2 necrophages
  4 centaurs
  3 wolves
  A kobold brigand (D:6)
  2 gnoll sergeants
  2 scorpions
  A water moccasin zombie (D:5)
  A water moccasin skeleton (D:6)
  4 wights (D:7)
  A crimson imp (D:7)
  2 bullfrog skeletons
  4 hounds
  2 jellies
  3 orc priests
  2 iguanas
  3 centaur skeletons
  6 orc wizards
  A merfolk avatar (Sewer)
  A merfolk siren (Sewer)
  4 mummies
  Robin (D:3)
  15 gnolls
  10 adders
  4 river rats
  A howler monkey skeleton (D:5)
  2 white imps
  A worm (D:2)
  4 dart slugs
  16 orcs
  12 ball pythons
  46 bats
  8 endoplasms
  5 giant cockroaches
  6 gnoll zombies (Ossuary)
  18 hobgoblins
  4 jackals (D:3)
  10 kobolds
  3 quokkas (D:3)
  14 frilled lizards
  2 gnoll skeletons (Ossuary)
  13 goblins
  3 goblin skeletons (Ossuary)
  3 goblin zombies (Ossuary)
  10 hobgoblin skeletons (Ossuary)
  3 hobgoblin zombies (Ossuary)
  2 kobold skeletons (Ossuary)
  10 kobold zombies
  4 orc skeletons (Ossuary)
  5 orc zombies
  28 rats
  4 rat skeletons (Ossuary)
331 creatures vanquished.

Vanquished Creatures (others)
  10 fulminant prisms
  24 plants (D:6)
  4 toadstools (D:1)
38 creatures vanquished.

Grand Total: 369 creatures vanquished

Notes
Turn   | Place    | Note
-------+----------+-------------------------------------------
     0 | D:1      | porpoise the Deep Elf Conjurer began the quest for the Orb.
     0 | D:1      | Reached XP level 1. HP: 10/10 MP: 6/6
   171 | D:1      | Reached XP level 2. HP: 15/15 MP: 4/8
   209 | D:1      | Learned a level 2 spell: Searing Ray
   866 | D:2      | Reached skill level 5 in Conjurations
   866 | D:2      | Reached XP level 3. HP: 19/19 MP: 5/10
  1166 | D:2      | Found a faded altar of an unknown god.
  1531 | D:2      | Reached XP level 4. HP: 24/24 MP: 8/12
  1565 | D:2      | Learned a level 4 spell: Fulminant Prism
  1570 | D:2      | Learned a level 4 spell: Iskenderun's Mystic Blast
  1882 | D:3      | Noticed a scorpion
  1887 | D:3      | Killed a scorpion
  1888 | D:3      | Reached skill level 5 in Spellcasting
  1989 | D:3      | Reached XP level 5. HP: 28/28 MP: 10/14
  2033 | D:3      | Found a glowing drain.
  2038 | Sewer    | Entered a sewer
  2556 | Sewer    | HP: 2/42 [sickly merfolk siren (9)]
  3488 | D:3      | Reached XP level 6. HP: 32/32 MP: 15/17
  4045 | D:3      | Found a runed translucent gate.
  4045 | D:3      | Found a runed translucent gate.
  4045 | D:3      | Found a runed translucent gate.
  4093 | D:3      | Noticed bande's ghost (amateur GrFi)
  4094 | D:3      | Noticed Dittersdorf's ghost (amateur GrFi)
  4094 | D:3      | Noticed Deadpool446625's ghost (weakling DrMo)
  4175 | D:3      | Noticed Robin
  4188 | D:3      | Killed Robin
  4307 | D:3      | Found a glowing silver altar of Zin.
  4308 | D:3      | Found a glowing golden altar of the Shining One.
  4330 | D:3      | Found a white marble altar of Elyvilon.
  4599 | D:4      | Reached skill level 5 in Hexes
  4920 | D:4      | Found a sand-covered staircase.
  4993 | Ossuary  | Entered an ossuary
  7056 | Ossuary  | Reached skill level 1 in Necromancy
  7225 | Ossuary  | Reached XP level 7. HP: 36/36 MP: 16/19
  7393 | Ossuary  | Noticed Menkaure
  7399 | Ossuary  | Killed Menkaure
  8905 | D:5      | Entered Level 5 of the Dungeon
  8998 | D:5      | Reached XP level 8. HP: 39/41 MP: 7/20
  9482 | D:5      | Reached skill level 5 in Translocations
 10255 | D:6      | Reached skill level 1 in Fighting
 10789 | D:6      | Reached XP level 9. HP: 44/50 MP: 4/24
 12399 | D:6      | Found a sparkling altar of Nemelex Xobeh.
 12407 | D:6      | Found a staircase to the Ecumenical Temple.
 12415 | Temple   | Entered the Ecumenical Temple
 12623 | D:6      | Learned a level 4 spell: Flame Wave
 12693 | D:6      | Found an ancient bone altar of Kikubaaqudgha.
 13517 | D:7      | Reached skill level 5 in Dodging
 13736 | D:7      | Noticed a gargoyle
 13741 | D:7      | Killed a gargoyle
 13973 | D:7      | Found a runed translucent gate.
 13973 | D:7      | Found a runed translucent gate.
 13973 | D:7      | Found a runed translucent gate.
 13980 | D:7      | Noticed siradein's ghost (novice DsTm)
 13984 | D:7      | Reached skill level 1 in Fire Magic
 14240 | D:7      | Found a burning altar of Makhleb.
 14240 | D:7      | Found a shimmering altar of Xom.
 14374 | D:8      | Noticed a cyclops
 14374 | D:8      | Noticed Grum
 14375 | D:8      | Noticed Maurice
 14810 | D:8      | Reached skill level 5 in Fire Magic
 14810 | D:8      | Reached XP level 10. HP: 45/56 MP: 12/25
 14811 | D:8      | Reached skill level 1 in Shields
 15182 | D:8      | Slain by a fire bat

Illustrated notes

Levels and vault maps discovered:
D:1:      ldierk_water_garden, layout_rooms, minmay_pentomino_u2
D:2:      layout_rooms, ebering_ecumenical_altar_petrified, minmay_vboxes
D:3:      layout_basic, good_gods_mini_temple, gup_sewer_entry_bowl,
          gammafunk_ghost_cemetery, chequers_serial_rivers_small_b, uniq_robin
D:4:      kennysheep_spiral_hall, layout_loops_ring, nicolae_ossuary_entry_giza
D:5:      layout_loops_ring
D:6:      kennysheep_housing_project, layout_basic, nemelex_altar_shiori,
          lemuel_coloured_pillars_altar, minmay_temple_entry_drinking_statues,
          serial_curves, eino_curves_03, eino_curves_02, eino_curves_01
D:7:      layout_loops_ring, grunt_temple_overflow_champion_of_chaos,
          gammafunk_ghost_split
D:8:      due_megacathedral, layout_rooms, minmay_sticks_and_stones, uniq_grum,
          uniq_maurice, uniq_pikel
Temple:   jpeg_temple_clearing

Skill      XL: |  1  2  3  4  5  6  7  8  9 10 |
---------------+-------------------------------+-----
Spellcasting   | 4 5 6 7 9 |  9.0
Conjurations   | 5 6 7 |  7.6
Hexes          | 2 3 5 7 9 |  9.0
Necromancy     | 1 |  1.0
Translocations | 4 5 |  5.0
Fighting       | 3 |  3.0
Dodging        | 7 |  7.0
Fire Magic     | 5 |  5.0
Shields        | 2 |  2.0
Stealth        | |  2.4

Action                   |  1- 3 |  4- 6 |  7- 9 | 10-12 || total
-------------------------+-------+-------+-------+-------++-------
Melee: Spear             |       |       |     5 |       ||     5
 Fire: Hunting sling     |       |       |    59 |    47 ||   106
Throw: Javelin           |       |     8 |     6 |       ||    14
       Stone             |       |    82 |    13 |       ||    95
       Dart              |       |     6 |       |       ||     6
       Boomerang         |       |       |    12 |       ||    12
 Cast: Magic Dart        |    46 |    95 |    19 |     7 ||   167
       Searing Ray       |     5 |    67 |    95 |    11 ||   178
       Fulminant Prism   |       |     1 |     8 |     1 ||    10
       Iskenderun's Myst |       |       |    14 |     1 ||    15
Evoke: Wand              |       |       |     1 |       ||     1
  Use: Scroll            |       |     5 |     8 |       ||    13
       Potion            |       |     1 |     1 |       ||     2
Armor: Robe              |       |     4 |    13 |    10 ||    27
       Skin              |       |     1 |       |       ||     1
Dodge: Dodged            |       |    15 |    95 |    42 ||   152

Table legend: (Time is in decaauts)
 A = Elapsed time spent in this place.
 B = Non-inter-level travel time spent in this place.
 C = Inter-level travel time spent in this place.
 D = Time resting spent in this place.
 E = Time spent auto-exploring this place.
 F = Levels seen in this place.
 G = Mean time per level.
                   A        B        C        D        E       F      G
               +--------+--------+--------+--------+--------+-----+--------+
         Total |  15279 |  15015 |    264 |   8337 |   4327 |  11 | 1389.0 |
       Dungeon |  10813 |  10562 |    251 |   5148 |   3942 |   8 | 1351.6 |
        Temple |     91 |     78 |     13 |      0 |     67 |   1 |   91.0 |
         Sewer |   1484 |   1484 |      0 |   1145 |      0 |   1 | 1484.0 |
       Ossuary |   2889 |   2889 |      0 |   2044 |    318 |   1 | 2889.0 |
               +--------+--------+--------+--------+--------+-----+--------+

Top non-repeatable levels by time:
 Ossuary: 2889 daAuts
     D:6: 2666 daAuts
     D:7: 1529 daAuts
   Sewer: 1484 daAuts
     D:3: 1415 daAuts
     D:5: 1401 daAuts
     D:4: 1321 daAuts
     D:2: 1238 daAuts
     D:1: 632 daAuts
     D:8: 608 daAuts
  Temple: 91 daAuts
